 Dungeon Crawl Stone Soup version 0.32-a0-485-g70f7560b1c (webtiles) character file.

Game seed: 3368052482524703096

91 lunkers the Cutter (level 4, -1/33 HPs)
             Began as a Coglin Brigand on Feb 27, 2024.
             Killed from afar by Ijyb (5 damage)
             ... with a puff of flame
             ... on level 3 of the Dungeon.
             The game lasted 00:02:34 (2070 turns).

lunkers the Cutter (Coglin Brigand)                 Turns: 2070, Time: 00:02:34

Health: -1/33      AC:  6    Str: 13    XL:     4   Next: 59%
Magic:  4/4        EV: 10    Int: 10    God:
Gold:   157        SH:  0    Dex: 16    Spells: 3/3 levels left

rFire   . . .        a - +2 dagger {Kun}
rCold   . . .        j - +0 dagger {Ishleen}
rNeg    . . .        n - +0 ring mail
rPois   .            (no helmet)
rElec   .            c - +0 cloak
rCorr   .            (no gloves)
SInv    .            (no boots)
Will    .....        (no amulet)
Stlth   ++           (ring unavailable)
HPRegen 0.25/turn    (ring unavailable)
MPRegen 0.09/turn

%: no passive effects
@: revving
A: off-hand wielding, slow wielding, warmup strikes, no rings
a: no special abilities


You were on level 3 of the Dungeon.
You visited 1 branch of the dungeon, and saw 3 of its levels.

You collected 157 gold pieces.

Inventory:

Hand Weapons
 a - a +2 dagger (weapon) {Kun}
 j - a +0 dagger (offhand) {Ishleen}
Missiles
 d - 21 poisoned darts
Armour
 b - a +0 robe
 c - a +0 cloak (worn)
 n - a +0 ring mail (worn)
Scrolls
 f - 3 scrolls of teleportation {unknown}
 h - a scroll of amnesia {unknown}
 k - a scroll of immolation {unknown}
 o - a scroll of identify {unknown}
Potions
 g - 2 potions of attraction {unknown}
 i - a potion of berserk rage {unknown}
 l - a potion of magic {unknown}
 m - a potion of resistance {unknown}


   Skills:
 - Level 2.0 Fighting
 + Level 4.2 Short Blades
 - Level 1.7 Throwing
 - Level 0.8 Dodging
 - Level 3.2 Stealth


You had 3 spell levels left.
You didn't know any spells.
Your spell library was empty.

Dungeon Overview and Level Annotations

Branches:
Dungeon (3/15)

Altars:

Annotations:
D:3 Ijyb


Innate Abilities, Weirdness & Mutations

You can wield a second weapon in your off-hand.
It takes a long time for you to wield or remove held weapons.
Your first few attacks do less damage.
Your grasper-arms cannot wear rings.


Message History

The orc priest seems to be slow for longer.
The orc priest is almost dead.
You kill the orc priest!
Ijyb zaps a wand.
The puff of flame misses you. The endoplasm barely misses you.
Your Short Blades skill increases to level 4!
Unknown command.
You closely miss Ijyb with your +2 dagger.
You barely miss Ijyb with your +0 dagger.
Throw: dart (curare)
Press: ? - help, Shift-Dir - straight line, f - Ijyb
Aim: Ijyb, wielding a +0 club, wearing a +0 leather armour and carrying a wand of flame (50% to hit)
You throw a curare-tipped dart.
The curare-tipped dart barely misses Ijyb.
The endoplasm hits you but does no damage.
Ijyb zaps a wand.
The puff of flame hits you!
* * * LOW HITPOINT WARNING * * *
Unknown command.
You aren't carrying any items that you can evoke.
Unknown command.
You closely miss Ijyb with your +2 dagger.
You closely miss Ijyb with your +0 dagger.
The endoplasm barely misses you. Ijyb hits you with a +0 club.
* * * LOW HITPOINT WARNING * * *
You hit Ijyb with your +0 dagger.
Ijyb is lightly wounded.
You closely miss Ijyb with your +2 dagger.
Ijyb barely misses you. The endoplasm freezes you.
You are frozen.
* * * LOW HITPOINT WARNING * * *
You barely miss Ijyb with your +2 dagger.
Ijyb is lightly wounded.
You hit Ijyb but do no damage. The endoplasm freezes you.
You are frozen.
* * * LOW HITPOINT WARNING * * *
Ijyb zaps a wand.
The puff of flame hits you.
You die...
Ijyb moans, "Good help so hard to find!"

####### .(....
###.... .(.....
#..)( ########
#..)g## #......#
#J@## #......#
##..###......#
##..##......#
##..'......#
####......#
#..#####
#####..########
#.............#
#.#####.†.....##


You could see Ijyb and an endoplasm.

Vanquished Creatures
  An orc priest (D:3)
  An adder (D:2)
  A ribbon worm (D:2)
  2 dart slugs
  An orc (D:3)
  8 ball pythons
  3 endoplasms
  A giant cockroach (D:2)
  4 goblins
  2 hobgoblins (D:2)
  3 jackals (D:1)
  2 kobolds
  2 quokkas
  8 bats
  A frilled lizard (D:1)
  2 rats
42 creatures vanquished.

Notes
Turn   | Place    | Note
-------+----------+-------------------------------------------
     0 | D:1      | lunkers the Coglin Brigand began the quest for the Orb.
     0 | D:1      | Reached XP level 1. HP: 16/16 MP: 1/1
    43 | D:1      | Reached skill level 2 in Short Blades
   231 | D:1      | Reached XP level 2. HP: 19/22 MP: 2/2
   643 | D:1      | Reached skill level 3 in Short Blades
  1114 | D:2      | Reached XP level 3. HP: 27/27 MP: 3/3
  1617 | D:2      | Found a faded altar of an unknown god.
  1734 | D:2      | Reached XP level 4. HP: 13/33 MP: 4/4
  2056 | D:3      | Noticed Ijyb
  2066 | D:3      | Reached skill level 4 in Short Blades
  2070 | D:3      | Killed from afar by Ijyb

Illustrated notes

Levels and vault maps discovered:
D:1:      amcnicky_arrival_wind_blow, layout_basic, serial_bayou_ford_a
D:2:      layout_basic, shapermc_ecumenical_altar_acropolis
D:3:      layout_basic, serial_shops, nicolae_shop_getting_attention, uniq_ijyb,
          uniq_terence

Skill      XL: |  1  2  3  4 |
---------------+-------------+-----
Short Blades   | 2 3 4 |  4.2
Fighting       | |  2.0
Throwing       | |  1.7
Dodging        | |  0.8
Stealth        | |  3.2

Action                     |  1- 3 |  4- 6 || total
---------------------------+-------+-------++-------
  Melee: Dagger            |   152 |    13 ||   165
  Throw: Dart              |       |     5 ||     5
   Stab: Sleeping          |     8 |     3 ||    11
 Armour: Robe              |    70 |       ||    70
         Ring mail         |       |     6 ||     6
  Dodge: Dodged            |    63 |     8 ||    71

Table legend: (Time is in decaauts)
 A = Elapsed time spent in this place.
 B = Non-inter-level travel time spent in this place.
 C = Inter-level travel time spent in this place.
 D = Time resting spent in this place.
 E = Time spent auto-exploring this place.
 F = Levels seen in this place.
 G = Mean time per level.
                   A        B        C        D        E       F      G
               +--------+--------+--------+--------+--------+-----+--------+
         Total |   2066 |   1982 |     84 |      0 |   1660 |   3 |  688.7 |
       Dungeon |   2066 |   1982 |     84 |      0 |   1660 |   3 |  688.7 |
               +--------+--------+--------+--------+--------+-----+--------+

Top non-repeatable levels by time:
     D:1: 1114 daAuts
     D:2: 909 daAuts
     D:3: 43 daAuts
